 Dungeon Crawl Stone Soup version 0.21.0-3-g78d12a8 (webtiles) character file.

646 inmateoo the Sneak (level 7, -2/45 HPs)
             Began as a Halfling Fire Elementalist on Jan 9, 2018.
             Slain by an ice beast (13 damage)
             ... on level 4 of the Dungeon.
             The game lasted 00:09:34 (5318 turns).

inmateoo the Sneak (Halfling Fire Elementalist)     Turns: 5318, Time: 00:09:35

Health: -2/45      AC:  3    Str: 10    XL:     7   Next: 82%
Magic:  11/11      EV: 16    Int: 13    God:
Gold:   186        SH:  0    Dex: 16    Spells: 1/11 levels left

rFire    . . .     SeeInvis +   t - +4 mace of Moderation {speed, rElec}
rCold    . . .     Gourm    .   (shield restricted)
rNeg     . . .     Faith    .   a - +0 robe
rPois    .         Spirit   .   (no helmet)
rElec    +         Reflect  .   (no cloak)
rCorr    .         Harm     .   (no gloves)
MR       .....                  j - +0 pair of boots
Stlth    +++.......             (no amulet)
HPRegen  0.15/turn              m - ring of see invisible
MPRegen  0.12/turn              (no ring)

@: no status effects
A: small, mutation resistance 1
a: no special abilities


You were on level 4 of the Dungeon.
You were not hungry.

You visited 1 branch of the dungeon, and saw 5 of its levels.

You collected 186 gold pieces.

Inventory:

Hand Weapons
 h - a +2 hunting sling
 l - a +0 short sword of draining
 t - the +4 mace of Moderation (weapon) {speed, rElec}
   (You found it on level 5 of the Dungeon)

   Attacks with this weapon are significantly faster.
   It insulates you from electricity.
Missiles
 i - 45 stones (quivered)
Armour
 a - a +0 robe (worn)
 e - a +0 leather armour
 j - a +0 pair of boots (worn)
 p - a +0 buckler
Jewellery
 m - a ring of see invisible (left hand)
 u - a cursed ring of teleportation {unknown}
Scrolls
 g - 3 scrolls of remove curse
 r - 2 scrolls of fear
Potions
 d - a potion of heal wounds {unknown}
 f - a potion of cancellation
 k - a potion of curing
 n - a potion of lignification {unknown}
 o - a potion of haste {unknown}
 q - a potion of flight {unknown}
 s - a potion of mutation {unknown}
Books
 b - a book of Flames

   Spells                             Type                      Level
   a - Flame Tongue                   Conjuration/Fire             1
   b - Throw Flame                    Conjuration/Fire             2
   c - Conjure Flame                  Conjuration/Fire             3
   d - Inner Flame                    Hexes/Fire                   3
   e - Sticky Flame                   Conjuration/Fire             4
   f - Fireball                       Conjuration/Fire             5
Comestibles
 c - 8 rations


   Skills:
 + Level 2.4 Fighting
 + Level 3.6 Slings
 + Level 3.7 Dodging
 * Level 5.4 Stealth
 + Level 2.6 Spellcasting
 + Level 1.3 Conjurations
 + Level 4.1 Fire Magic


You had one spell level left.
You knew the following spells:

 Your Spells              Type           Power        Failure   Level  Hunger
a - Flame Tongue          Conj/Fire      #....        8%          1    #......
b - Throw Flame           Conj/Fire      #.....       12%         2    ###....
c - Conjure Flame         Conj/Fire      #.......     22%         3    ###....
d - Sticky Flame          Conj/Fire      #.......     58%         4    #####..


Dungeon Overview and Level Annotations

Branches:
Dungeon (5/15)
 Temple: D:4-7

Altars:
Ashenzari
Cheibriados
Qazlal
Ru
Sif Muna
Uskayaw
Vehumet
Yredelemnul

Annotations:
D:5 Blork the orc


Innate Abilities, Weirdness & Mutations

You are small and have problems with some larger weapons.
You are somewhat resistant to further mutation.


Message History

Unknown command.
You hit the orc.
The orc is severely wounded.
The ice beast hits you. The ice beast freezes you!
The orc hits you with a mace.
Unknown command.
You hit the orc.
You kill the orc!
The ice beast misses you.
Unknown command.
You hit the orc.
The orc is almost dead.
The ice beast hits you. The ice beast freezes you! The orc barely misses you.
Unknown command.
You closely miss the orc.
The orc is almost dead.
The ice beast hits you.
* * * LOW HITPOINT WARNING * * *
The ice beast freezes you!
You die...

....######.####...####.........##
...## #........# ##.....).##
....# ####.##### ##.....####
....# #.# ##...#.... ....# #.#
##'##.### ...## #.# #.##.# # #.##
#.# ### #.##.# # #.# ####.####
##.###.##.# # #.# #.....Y@#
##.#.#...#.### ..#
#.##.##o###.###......... #.##
#.##<......## ##...##.## #..#
#.......###.###...###.## ##.##
######### ##.#.......... #..#
##.##......## ##.# #####.#####
#.# #.# ##.## #.#


You could see an ice beast and an orc.

Vanquished Creatures
  The ghost of Suckerboh the Sneak, an amateur SpEn (D:4)
  2 scorpions (D:4)
  2 orc priests (D:4)
  2 bullfrog skeletons (D:4)
  2 orc wizards
  A hound skeleton (D:4)
  10 adders
  A gnoll (D:1)
  2 oozes
  2 adder skeletons (D:4)
  4 worms
  6 leopard geckos
  11 orcs
  2 ball pythons
  9 bats
  2 giant cockroaches
  5 hobgoblins
  11 jackals
  2 quokkas
  A frilled lizard (D:4)
  2 goblins (D:1)
  8 kobolds
  6 rats
94 creatures vanquished.

Notes
Turn   | Place    | Note
-------+----------+-------------------------------------------
     0 | D:1      | inmateoo the Halfling Fire Elementalist began the quest for the Orb.
     0 | D:1      | Reached XP level 1. HP: 11/11 MP: 3/3
   262 | D:1      | Reached XP level 2. HP: 17/17 MP: 1/4
   682 | D:1      | Reached XP level 3. HP: 5/22 MP: 0/5
   921 | D:1      | Learned a level 2 spell: Throw Flame
  1006 | D:1      | Reached skill level 3 in Stealth
  2007 | D:2      | Reached skill level 1 in Fighting
  2007 | D:2      | Reached XP level 4. HP: 24/28 MP: 2/6
  2072 | D:2      | Reached skill level 1 in Slings
  2269 | D:2      | Found a shattered altar of Ashenzari.
  2408 | D:2      | You fall through a shaft for 2 floors!
  2445 | D:4      | Reached XP level 5. HP: 30/33 MP: 1/8
  2494 | D:4      | Noticed Suckerboh's ghost (amateur SpEn)
  2514 | D:4      | Killed Suckerboh's ghost
  2514 | D:4      | Reached skill level 4 in Stealth
  2514 | D:4      | Reached XP level 6. HP: 15/39 MP: 0/9
  3022 | D:3      | Learned a level 3 spell: Conjure Flame
  3175 | D:3      | Reached XP level 7. HP: 28/45 MP: 10/10
  3702 | D:3      | Learned a level 4 spell: Sticky Flame
  3762 | D:2      | Reached skill level 5 in Stealth
  4195 | D:4      | Reached skill level 1 in Conjurations
  4334 | D:4      | Found a radiant altar of Vehumet.
  4341 | D:4      | Found a basalt altar of Yredelemnul.
  4346 | D:4      | Found a sacrificial altar of Ru.
  4357 | D:4      | Found a stormy altar of Qazlal.
  4364 | D:4      | Found a hide-covered altar of Uskayaw.
  4369 | D:4      | Found a snail-covered altar of Cheibriados.
  4376 | D:4      | Found a deep blue altar of Sif Muna.
  5241 | D:5      | Entered Level 5 of the Dungeon
  5241 | D:5      | Noticed Blork the orc
  5302 | D:5      | Got a bloodstained mace
  5304 | D:5      | Identified the +4 mace of Moderation {speed, rElec} (You found it on level 5 of the Dungeon)
  5318 | D:4      | Slain by an ice beast

Skill      XL: |  1  2  3  4  5  6  7 |
---------------+----------------------+-----
Stealth        | 3 4 5 |  5.4
Fighting       | 1 2 |  2.4
Slings         | 1 2 3 |  3.6
Spellcasting   | 2 |  2.6
Dodging        | 3 |  3.7
Conjurations   | 1 |  1.3
Fire Magic     | 4 |  4.1

Action                   |  1- 3 |  4- 6 |  7- 9 || total
-------------------------+-------+-------+-------++-------
Melee: Unarmed           |    43 |       |       ||    43
       Whip              |    35 |       |       ||    35
       Short sword       |       |    51 |    28 ||    79
       Mace              |       |       |    10 ||    10
 Fire: Hunting sling     |    23 |    44 |   134 ||   201
 Cast: Flame Tongue      |    39 |    19 |    18 ||    76
       Throw Flame       |       |     3 |     1 ||     4
       Conjure Flame     |       |       |     1 ||     1
  Use: Scroll            |     4 |     3 |     2 ||     9
       Potion            |       |     1 |       ||     1
 Stab: Sleeping          |     1 |     3 |     1 ||     5
  Eat: Chunk             |     1 |     5 |     7 ||    13
       Ration            |     1 |       |       ||     1
Armor: Robe              |    14 |    16 |    18 ||    48
Dodge: Dodged            |   100 |    47 |    83 ||   230
